 Dungeon Crawl Stone Soup version 0.27.1-1-g398f81649c (webtiles) character file.

Game seed: 513401319244994945

797 ZARRMARR the Sneak (level 7, -6/46 HPs)
             Began as an Octopode Conjurer on Sept 10, 2021.
             Shot with an arrow by a centaur (14 damage)
             ... on level 5 of the Dungeon.
             The game lasted 00:18:42 (5713 turns).

ZARRMARR the Sneak (Octopode Conjurer)              Turns: 5713, Time: 00:18:43

Health: -6/46      AC:  1    Str:  6    XL:     7   Next: 89%
Magic:  21/21      EV: 14    Int: 22    God:
Gold:   145        SH:  5    Dex: 11    Spells: 10/13 levels left

rFire    . . .     SeeInvis .   l - staff of conjuration
rCold    . . .     Faith    .   (no shield)
rNeg     . . .     Spirit   .   (helmet restricted)
rPois    .         Reflect  +   r - amulet of reflection
rElec    .         Harm     .   f - ring of magical power
rCorr    .         Rampage  .   (no ring)
Will     .....                  (no ring)
Stlth    ++++......             (no ring)
HPRegen  0.15/turn              (no ring)
MPRegen  0.17/turn              (no ring)
                                (no ring)
                                (no ring)

@: no status effects
A: almost no armour, amphibious, 8 rings, camouflage 1, gelatinous body 1,
(nimble swimmer 1), tentacles
a: no special abilities


You were on level 5 of the Dungeon.
You visited 1 branch of the dungeon, and saw 5 of its levels.

You collected 145 gold pieces.

Inventory:

Missiles
 n - 7 curare-tipped darts
Magical Staves
 l - a staff of conjuration (weapon)
Jewellery
 f - a ring of magical power (left tentacle)
 r - an amulet of reflection (around mantle)
Wands
 m - a wand of mindburst (3)
 q - a wand of digging (4)
Scrolls
 d - a scroll of amnesia
 e - 3 scrolls of summoning
 g - 4 scrolls of identify
 i - a scroll of teleportation
 k - a scroll of enchant weapon
Potions
 a - 2 potions of flight {unknown}
 c - a potion of cancellation {unknown}
 h - a potion of invisibility {unknown}
 j - a potion of brilliance {unknown}
 o - a potion of heal wounds {unknown}
 p - 3 potions of degeneration {unknown}


   Skills:
 + Level 3.5 Fighting
 + Level 4.1 Dodging
 + Level 6.0 Stealth
 + Level 3.9 Spellcasting
 + Level 5.5 Conjurations


You had 10 spell levels left.
You knew the following spells:

 Your Spells              Type           Power      Damage    Failure   Level
a - Magic Dart            Conj           100%       1d8       1%          1
b - Searing Ray           Conj           86%        3d6       1%          2

Your spell library contained the following spells:

 Spells                   Type           Power      Damage    Failure   Level
 Dazzling Flash           Conj/Hex       48%        N/A       11%         3
 Fulminant Prism          Conj/Hex       12%        3d9       34%         4
 Iskenderun's Mystic Bla  Conj/Tloc      24%        2d7       34%         4


Dungeon Overview and Level Annotations

Branches:
Dungeon (5/15)
 Temple: D:4-7

Altars:
Fedhas

Annotations:
D:2 exclusion: downstairs


Innate Abilities, Weirdness & Mutations

You cannot wear most types of armour.
You are amphibious.
You can wear up to eight rings at the same time.
Your skin changes colour to match your surroundings (Stealth+).
Your rubbery body absorbs attacks. (AC +1, EV +1)
((You are camouflaged near water. (Stealth+)))
You have tentacles for arms and can constrict up to eight enemies at once.


Message History

Confirm with . or Enter, or press ? or * to list all spells.
Aiming: Magic Dart (safe; 1% risk of failure)
Press: ? - help, Shift-Dir - straight line, f - iguana
Aim: an iguana (wandering, hasn't noticed you, 100% to hit)
You feel a surge of power!
The magic dart hits the iguana but does no damage.
The iguana hisses angrily.
Casting: Magic Dart (safe; 1% risk of failure)
Confirm with . or Enter, or press ? or * to list all spells.
Aiming: Searing Ray (safe; 1% risk of failure)
Press: ? - help, Shift-Dir - straight line, f/p - iguana
Aim: an iguana (84% to hit)
You feel a surge of power!
The searing ray hits the iguana!
The iguana is heavily wounded. (Press . to maintain the ray.)
Casting: Searing Ray (safe; 1% risk of failure)
Confirm with . or Enter, or press ? or * to list all spells.
Restarting spell: Searing Ray (safe; 1% risk of failure)
Press: ? - help, Shift-Dir - straight line, f/p - iguana
Aim: an iguana (heavily wounded, 84% to hit)
You feel a surge of power!
The searing ray hits the iguana!
The iguana is almost dead. (Press . to maintain the ray.)
The searing ray hits the iguana!
You kill the iguana!
You see here an iguana corpse.
Found 11 gold pieces.
A centaur comes into view.
The centaur shouts!
You hear a shout!
The centaur wields a +0 shortbow.
The centaur shoots an arrow.
The arrow hits you!
The centaur shoots an arrow.
The arrow hits you!
The centaur shoots an arrow.
The arrow hits you!
* * * LOW HITPOINT WARNING * * *
The centaur shoots an arrow.
You reflect the arrow off an invisible shield around you!
The arrow closely misses the centaur.
There is a stone staircase leading up here.
The centaur shoots an arrow.
The arrow hits you!
You die...

.....................
.....#.†##########...
#####.#..####### #.#.
#...#......... #.##
#.#...)....... #
#............. #.
#.#........... #..
#...#†........
..#...#.#@#.........
c............#+##+##
..c.....###.>.....
......... #.#.....
..........#....#.#
#......$..###### #
#.........#
#.........#
#.........#


You could see a centaur.

Vanquished Creatures
  Sigmund (D:2)
  A necrophage (D:4)
  2 scorpions
  A hound (D:5)
  A centaur skeleton (D:3)
  2 iguanas
  3 orc wizards
  Ijyb (D:3)
  Natasha (thrice) (D:3)
  Terence (D:2)
  A hound skeleton (D:4)
  Robin (D:3)
  2 adders (D:2)
  An adder skeleton (D:4)
  A worm (D:2)
  5 orcs
  4 endoplasms
  4 giant cockroaches
  14 goblins
  10 hobgoblins
  3 quokkas (D:1)
  9 ball pythons
  7 bats
  5 frilled lizards
  5 kobolds
  6 rats
94 creatures vanquished.

Notes
Turn   | Place    | Note
-------+----------+-------------------------------------------
     0 | D:1      | ZARRMARR the Octopode Conjurer began the quest for the Orb.
     0 | D:1      | Reached XP level 1. HP: 11/11 MP: 3/3
    62 | D:1      | Found a faded altar of an unknown god.
   179 | D:1      | Reached XP level 2. HP: 18/18 MP: 3/5
   190 | D:1      | Reached skill level 3 in Stealth
   527 | D:1      | Reached XP level 3. HP: 22/22 MP: 6/6
   556 | D:1      | Reached skill level 1 in Fighting
  1180 | D:2      | Noticed Sigmund
  1195 | D:2      | Reached XP level 4. HP: 28/28 MP: 7/7
  1470 | D:2      | Noticed Terence
  1857 | D:3      | Learned a level 2 spell: Searing Ray
  2105 | D:3      | Noticed Natasha
  2108 | D:3      | Killed Natasha
  2109 | D:3      | Reached skill level 4 in Stealth
  2109 | D:3      | Reached XP level 5. HP: 34/34 MP: 9/9
  2146 | D:3      | HP: 1/34 [something/magic dart (6)]
  2834 | D:3      | Noticed Ijyb
  2839 | D:3      | Killed Ijyb
  2840 | D:3      | Reached XP level 6. HP: 7/39 MP: 10/10
  3443 | D:3      | Noticed Robin
  3448 | D:3      | Killed Robin
  3585 | D:3      | Noticed Natasha
  3589 | D:3      | Killed Natasha
  3677 | D:3      | Noticed Natasha
  3679 | D:3      | Killed Natasha
  4427 | D:2      | Killed Terence
  4518 | D:2      | Killed Sigmund
  4519 | D:2      | Reached skill level 5 in Stealth
  4519 | D:2      | Reached skill level 5 in Conjurations
  4519 | D:2      | Reached XP level 7. HP: 38/45 MP: 12/12
  5012 | D:4      | Found a blossoming altar of Fedhas.
  5525 | D:5      | Entered Level 5 of the Dungeon
  5629 | D:5      | Reached skill level 6 in Stealth
  5713 | D:5      | Shot with an arrow by a centaur

Illustrated notes

Levels and vault maps discovered:
D:1:      roderic_crossed_star, layout_basic, ebering_ecumenical_altar_webs,
          serial_glass, glass_columns_a, glass_columns_b
D:2:      minmay_recursive_quarters, layout_loops_cross, uniq_terence,
          uniq_sigmund
D:3:      layout_basic, kennysheep_generic_room_6, uniq_natasha, uniq_ijyb,
          uniq_robin
D:4:      layout_basic, fedhas_altar_4
D:5:      layout_basic, uniq_pikel

Skill      XL: |  1  2  3  4  5  6  7 |
---------------+----------------------+-----
Stealth        | 3 4 5 6 |  6.0
Fighting       | 1 2 3 |  3.5
Dodging        | 3 4 |  4.1
Spellcasting   | 3 |  3.9
Conjurations   | 5 |  5.5

Action                   |  1- 3 |  4- 6 |  7- 9 || total
-------------------------+-------+-------+-------++-------
Melee: Short sword       |       |     4 |       ||     4
       Constrict         |       |     1 |       ||     1
 Cast: Magic Dart        |    71 |    45 |    25 ||   141
       Searing Ray       |       |    20 |    13 ||    33
  Use: Scroll            |     3 |     3 |       ||     6
Armor: Skin              |     1 |     1 |       ||     2
Dodge: Dodged            |     4 |     2 |       ||     6
Block: Other             |       |       |     1 ||     1
       Reflection        |       |       |     1 ||     1
